 Dungeon Crawl Stone Soup version 0.29-a0-961-gfab03dca74 (console) character file.

Game seed: 4758851502915090968

588 CannotBeFrozen the Ruffian (level 6, -6/70 HPs)
             Began as a Demigod Transmuter on July 30, 2022.
             Mangled by Duvessa
             ... wielding a +3 short sword of venom
              (13 damage)
             ... on level 5 of the Dungeon.
             The game lasted 00:13:33 (4699 turns).

CannotBeFrozen the Ruffian (Demigod Transmuter)     Turns: 4699, Time: 00:13:34

Health: -6/70      AC: 23    Str: 19    XL:     6   Next: 92%
Magic:  14/14      EV:  2    Int: 15    God:
Gold:   202        SH:  0    Dex: 14    Spells: 8/11 levels left

rFire   . . .      SeeInvis .     - Unarmed
rCold   . . .      Faith    .   (no shield)
rNeg    . . .      Spirit   .   (body armour currently unavailable)
rPois   +          Reflect  .   (helmet currently unavailable)
rElec   .          Harm     .   (cloak currently unavailable)
rCorr   .          Rampage  .   (gloves currently unavailable)
Will    .....      NoTele   +   (boots currently unavailable)
Stlth   +.........              (no amulet)
HPRegen 0.21/turn               (no ring)
MPRegen 0.14/turn               (no ring)

@: lethally poisoned (-6 -> -21), tree-form
A: stationary, stasis, torment immunity, boosted hp, high MP 1, forlorn, divine
attributes
a: no special abilities


You were on level 5 of the Dungeon.
You were a tree.
You visited 1 branch of the dungeon, and saw 5 of its levels.

You collected 237 gold pieces.
You spent 35 gold pieces at shops.

Inventory:

Missiles
 d - 7 poisoned darts (quivered)
 i - 4 boomerangs
 j - 58 stones
Armour
 a - a +0 robe
 p - a +0 ring mail (melded)
 q - a +0 pair of gloves (melded)
Jewellery
 o - a ring of ice
Scrolls
 c - a scroll of identify {unknown}
 g - a scroll of teleportation {unknown}
 k - a scroll of fog
 l - 2 scrolls of fear
 r - a scroll of enchant armour
Potions
 b - a potion of lignification
 e - 2 potions of curing {unknown}
 f - 2 potions of heal wounds {unknown}
 h - a potion of might {unknown}
 m - 2 potions of brilliance {unknown}


   Skills:
 - Level 1.5 Fighting
 - Level 2.0 Armour
 - Level 1.7 Dodging
 - Level 5.1 Unarmed Combat
 + Level 3.4 Spellcasting
 + Level 3.7 Transmutations


You had 8 spell levels left.
You knew the following spells:

 Your Spells              Type           Power      Damage    Failure   Level
a - Beastly Appendage     Tmut           26%        N/A       4%          1
w - Wereblood             Tmut           13%        N/A       6%          2

Your spell library contained the following spells:

 Spells                   Type           Power      Damage    Failure   Level
 Spider Form              Tmut/Pois      8%         N/A       26%         3
 Ice Form                 Ice/Tmut       8%         N/A       65%         4


Dungeon Overview and Level Annotations

Branches:
Dungeon (5/15)
 Temple: D:4-7

Shops:
D:4 *

Annotations:
D:2 Sigmund
D:4 1 runed translucent door, feamirim's ghost, amateur DgFi
D:5 Duvessa


Innate Abilities, Weirdness & Mutations

You are a tree.
Your roots penetrate the ground, keeping you stationary.
You cannot be teleported.
You are immune to unholy pain and torment.
Your maximum health is greatly increased.
Your equipment is partially melded.
You have an increased reservoir of magic. (+10% MP)
You shall have no god before yourself.
Your divine heritage dramatically boosts your attributes as you level up.


Message History

Dowan is almost dead.
Aiming: Corrosive Bolt
Press: ? - help, Shift-Dir - straight line, p - Dowan The bolt of acid hits Duvessa!
Duvessa is heavily wounded.
The bolt of acid hits Dowan!!
Dowan seems to be corroded for longer.
You kill Dowan!
Duvessa screams, "No!
How DARE you!"
Duvessa goes berserk!
Duvessa closely misses you.
Aiming: Corrosive Bolt
Press: ? - help, Shift-Dir - straight line The bolt of acid hits Duvessa but does no damage.
Duvessa is heavily wounded.
The now-empty wand crumbles to dust.
Duvessa hits you with a +3 short sword of venom!!
You are lethally poisoned!
HP: 29/47 (-18) =======----- !!!
Really quaff the potion of lignification?
You turn into a tree.
Your +0 pair of gloves melds into your body.
Your +0 ring mail melds into your body.
Your roots penetrate the ground.
You feel extremely sick.
Duvessa hits you with a +3 short sword of venom!
* * * LOW HITPOINT WARNING * * *
Duvessa hits you with a +3 short sword of venom!
* * * LOW HITPOINT WARNING * * *
HP: 23/70 (-6) ===--------- You hit Duvessa.
Duvessa is severely wounded.
* * * LOW HITPOINT WARNING * * *
You feel very sick.
Duvessa hits you with a +3 short sword of venom!
* * * LOW HITPOINT WARNING * * *
HP: 10/70 (-13) =----------- !
You hit Duvessa.
Duvessa is severely wounded.
* * * LOW HITPOINT WARNING * * *
You feel very sick.
Duvessa hits you with a +3 short sword of venom!
You die...

...# ##..####....# ...#
##..## ##...# #..######..##
#...### #.........#
##.....#### #.........###
#...###...#
##...#####..####...#####..#
#...# #..........# #.#
##..## #.##..#...## .#
#...# ######..##.....# .
##...###.###.#..###.....#
.#
##.<.#♣..##......##.....#.
.
#..###e.............##...#
.. #..##
#...#...###.###...... #..#
#).##...# #.# .... #..#
#.#####.###.. #..#
##(###....# ... #..#
#.(##..##...##. ..#
##.#..##....# .. .#
#...#.........
##..#.##....#...
###.#..###..###...


You could see Duvessa (berserk, poisoned).

Vanquished Creatures
  A black bear (D:4)
  A phantom (D:5)
  A necrophage (D:4)
  Dowan (D:5)
  A howler monkey (D:3)
  2 hounds
  A jelly (D:5)
  A gnoll bouda (D:5)
  An iguana (D:5)
  3 gnolls (D:5)
  4 adders
  A dart slug (D:3)
  An orc (D:5)
  3 ball pythons
  8 endoplasms
  3 giant cockroaches
  5 goblins
  9 hobgoblins
  3 jackals (D:4)
  5 bats
  4 frilled lizards
  12 kobolds
  5 rats
76 creatures vanquished.

Vanquished Creatures (others)
  A plant (D:1)
1 creature vanquished.

Grand Total: 77 creatures vanquished

Notes
Turn   | Place    | Note
-------+----------+-------------------------------------------
     0 | D:1      | CannotBeFrozen the Demigod Transmuter began the quest for
                  | the Orb.
     0 | D:1      | Reached XP level 1. HP: 15/15 MP: 5/5
    84 | D:1      | Reached skill level 3 in Unarmed Combat
   363 | D:1      | Reached XP level 2. HP: 20/22 MP: 5/7
   401 | D:1      | Learned a level 2 spell: Wereblood
  1106 | D:2      | Noticed Sigmund
  1209 | D:2      | Reached skill level 4 in Unarmed Combat
  1209 | D:2      | Reached XP level 3. HP: 27/27 MP: 4/8
  2033 | D:3      | Reached XP level 4. HP: 31/34 MP: 3/9
  2785 | D:4      | Found Nudeur's CLEARANCE SALE!.
  2789 | D:4      | Bought a +0 pair of gloves for 13 gold pieces
  2789 | D:4      | Bought a scroll of enchant armour for 22 gold pieces
  3017 | D:4      | Noticed a black bear
  3025 | D:4      | Killed a black bear
  3026 | D:4      | Reached skill level 1 in Fighting
  3026 | D:4      | Reached skill level 5 in Unarmed Combat
  3026 | D:4      | Reached XP level 5. HP: 22/40 MP: 8/10
  3515 | D:4      | Found a runed translucent door.
  3515 | D:4      | Noticed feamirim's ghost (amateur DgFi)
  3967 | D:4      | Reached XP level 6. HP: 47/47 MP: 8/12
  4069 | D:5      | Entered Level 5 of the Dungeon
  4417 | D:5      | Noticed Duvessa
  4676 | D:5      | Noticed Dowan
  4695 | D:5      | Killed Dowan
  4699 | D:5      | Mangled by Duvessa

Illustrated notes

Levels and vault maps discovered:
D:1:      eino_arrival_water_cross, layout_rooms,
          chequers_ecumenical_altar_simple
D:2:      layout_basic, small_statue_intersection, eino_tiny_chamber,
          uniq_sigmund
D:3:      layout_loops_ring
D:4:      black_bear_nest_2, layout_basic, ebering_ghost_inner_flame,
          minmay_stone_trees_medium, nicolae_shop_clearance
D:5:      layout_layer_cave, mainiacjoe_overflow_alcove_1,
          kennysheep_cross_room, uniq_duvessa

Skill      XL: |  1  2  3  4  5  6 |
---------------+-------------------+-----
Unarmed Combat | 3 4 5 |  5.1
Spellcasting   | 2 3 |  3.4
Transmutations | 2 3 |  3.7
Armour         | 2 |  2.0
Fighting       | 1 |  1.5
Dodging        | |  1.7

Action                   |  1- 3 |  4- 6 || total
-------------------------+-------+-------++-------
Melee: Unarmed           |   102 |    91 ||   193
       Headbutt          |    14 |    20 ||    34
       Kick              |     9 |    22 ||    31
       Punch             |     1 |     2 ||     3
Throw: Stone             |     5 |       ||     5
       Dart              |     2 |     2 ||     4
 Cast: Beastly Appendage |    19 |    21 ||    40
       Wereblood         |     5 |     5 ||    10
Evoke: Wand              |       |     6 ||     6
  Use: Scroll            |       |     6 ||     6
       Potion            |       |     1 ||     1
Armor: Robe              |     9 |     8 ||    17
       Ring mail         |       |    26 ||    26
Dodge: Dodged            |    73 |    51 ||   124

Table legend: (Time is in decaauts)
 A = Elapsed time spent in this place.
 B = Non-inter-level travel time spent in this place.
 C = Inter-level travel time spent in this place.
 D = Time resting spent in this place.
 E = Time spent auto-exploring this place.
 F = Levels seen in this place.
 G = Mean time per level.
                   A        B        C        D        E       F      G
               +--------+--------+--------+--------+--------+-----+--------+
         Total |   4684 |   4510 |    174 |   1031 |   2654 |   5 |  936.8 |
       Dungeon |   4684 |   4510 |    174 |   1031 |   2654 |   5 |  936.8 |
               +--------+--------+--------+--------+--------+-----+--------+

Top non-repeatable levels by time:
     D:4: 1468 daAuts
     D:1: 1045 daAuts
     D:2: 926 daAuts
     D:3: 779 daAuts
     D:5: 464 daAuts
